 Dungeon Crawl Stone Soup version 0.31-a0-198-g2ad674f65e (webtiles) character file.

Game seed: 8889346008421483498

176 qw the Skirmisher (level 5, -5/29 HPs)
             Began as a Deep Elf Hunter on June 25, 2023.
             Killed by divine providence
             ... invoked by an orc priest
              (10 damage)
             ... on level 4 of the Dungeon.
             The game lasted 00:00:48 (2186 turns).

qw the Skirmisher (Deep Elf Hunter)                 Turns: 2186, Time: 00:00:49

Health: -5/29      AC:  8    Str: 10    XL:     5   Next: 30%
Magic:  0/7        EV: 13    Int: 14    God:
Gold:   199        SH:  0    Dex: 18    Spells: 4/4 levels left

rFire   . . .        Y - +1 shortbow
rCold   + . .        (shield currently unavailable)
rNeg    . . .        c - +0 robe of Xom, Leaping {-Cast Fly rElec Regen+}
rPois   .            (no helmet)
rElec   +            p - +0 cloak
rCorr   .            j - +0 pair of gloves
SInv    .            (no boots)
Will    .....        n - amulet of guardian spirit
Stlth   ++           e - ring of protection from cold
HPRegen 1.04/turn    d - +4 ring of protection
MPRegen 0.10/turn

%: no spellcasting, guardian spirit
@: about to teleport, flying
A: no striking features
a: no special abilities


You were on level 4 of the Dungeon.
You visited 1 branch of the dungeon, and saw 4 of its levels.

You collected 199 gold pieces.


   Skills:
 - Level 1.5 Fighting
 + Level 8.5 Ranged Weapons
 - Level 3.0 Dodging
 - Level 1.2 Stealth


You had 4 spell levels left.
You didn't know any spells.
Your spell library was empty.

Inventory:

Hand Weapons
 Y - a +1 shortbow (weapon)
Armour
 b - a +0 ring mail
 c - the +0 robe of Xom, Leaping (worn) {-Cast Fly rElec Regen+}
   (You found it on level 3 of the Dungeon)

   rElec:     It insulates you from electricity.
   Fly:       It grants you flight.
   -Cast:     It prevents spellcasting.
   Regen:     It increases your rate of health regeneration.
 j - a +0 pair of gloves (worn)
 k - a +1 helmet
 o - a +1 leather armour of cold resistance
 p - a +0 cloak (worn)
Jewellery
 d - a +4 ring of protection (right hand)
 e - a ring of protection from cold (left hand)
 n - an amulet of guardian spirit (around neck)
Scrolls
 a - 5 scrolls of identify
Potions
 f - a potion of degeneration {unknown}
 g - a potion of might {unknown}
 i - a potion of lignification {unknown}
 l - a potion of ambrosia {unknown}
 m - a potion of enlightenment {unknown}
 r - a potion of brilliance {unknown}

Dungeon Overview and Level Annotations

Branches:
Dungeon (4/15)
 Temple: D:4-7

Altars:
Yredelemnul


Message History

The orc closely misses you.
You shoot an arrow. The arrow hits the orc.
You kill the orc!
You shoot an arrow. The arrow hits the orc priest.
The orc priest is heavily wounded.
The orc priest hits you with a +0 hand axe.
You shoot an arrow.
The arrow closely misses the orc priest.
The arrow hits the orc but does no damage.
The orc priest calls down the wrath of Beogh upon you.
Beogh smites you!
You shoot an arrow.
The arrow closely misses the orc priest.
The arrow hits the orc but does no damage.
The orc priest invokes the aid of Beogh against you.
Beogh smites you!
You shoot an arrow. The arrow hits the orc priest.
The orc priest is severely wounded.
The orc priest looks encouraged for a moment.
You shoot an arrow. The arrow hits the orc priest.
The orc priest is almost dead.
The orc priest barely misses you.
The orc priest calls upon Beogh to heal the orc priest.
The orc priest is healed somewhat.
You shoot an arrow.
The arrow closely misses the orc priest.
The arrow barely misses the orc.
The orc priest barely misses you.
The orc priest miscasts a cantrip.
You shoot an arrow. The arrow hits the orc priest.
The orc priest is almost dead.
The orc priest hits you with a +0 hand axe.
The orc priest calls down the wrath of Beogh upon you.
Beogh smites you!
2186 ||| READING scroll of teleportation.
As you read the scroll of teleportation, it crumbles to dust.
You feel strangely unstable.
The orc priest mumbles some strange prayers to Beogh against you.
Beogh smites you!
You die...

#.#.#########
########.#.........#
#.....##.#.........#
#.....##.#.........#
#.....##.#.........#
#.....'..#.........#
#.....####.........#
###.....########'#####
...[.........# #@#
.P.P....### .# #o#
.._.......##.#


#oo .P.P.##.#.#..# #... ..........#.####...# ..##.##.#<..........
#.##.........#######) #...>...%%......... .. #.................. . You could see
2 orc priests and an orc.

Vanquished Creatures
  An iguana (D:4)
  4 gnolls (D:3)
  6 adders
  4 dart slugs
  3 orcs (D:4)
  5 ball pythons
  3 bats (D:1)
  4 endoplasms
  4 giant cockroaches
  4 goblins
  3 hobgoblins
  2 quokkas
  3 frilled lizards
  3 kobolds
  5 rats
54 creatures vanquished.

Notes
Turn   | Place    | Note
-------+----------+-------------------------------------------
     0 | D:1      | qw the Deep Elf Hunter began the quest for the Orb.
     0 | D:1      | Reached XP level 1. HP: 12/12 MP: 3/3
     0 | D:1      | 0 ||| qw: Version: 0.3-a-22-g0ed2b0b
     0 | D:1      | 0 ||| qw: Game counter: 5452
     0 | D:1      | 0 ||| qw: Melee chars always use a shield: true
     0 | D:1      | 0 ||| qw: God list: Okawaru
     0 | D:1      | 0 ||| qw: Allow faded altars: false
     0 | D:1      | 0 ||| qw: Do Orc after clearing Dungeon:15 true
     0 | D:1      | 0 ||| qw: Do second Lair branch before Depths: true
     0 | D:1      | 0 ||| qw: Lair rune preference: random
     0 | D:1      | 0 ||| qw: Goals: Normal
     0 | D:1      | 0 ||| PLANNING D:1-11
   208 | D:1      | Reached XP level 2. HP: 16/16 MP: 4/4
   217 | D:1      | Reached skill level 6 in Ranged Weapons
   655 | D:1      | 655 ||| UPGRADING to +0 pair of gloves.
   660 | D:1      | 660 ||| UPGRADING to ring of protection from cold.
   661 | D:1      | 661 ||| READING scroll labelled ZES LEAWIOPSU.
   662 | D:1      | 662 ||| READING 2 scrolls labelled POSIER QUBRUPN.
   666 | D:1      | 666 ||| DROPPING scroll of butterflies.
   747 | D:2      | Reached XP level 3. HP: 20/20 MP: 5/5
   863 | D:2      | Reached skill level 7 in Ranged Weapons
  1114 | D:2      | Reached XP level 4. HP: 25/25 MP: 6/6
  1360 | D:2      | 1360 ||| UPGRADING to +0 ring mail.
  1370 | D:2      | 1370 ||| DROPPING +0 leather armour.
  1371 | D:2      | 1371 ||| UPGRADING to +4 ring of protection.
  1372 | D:2      | 1372 ||| READING scroll labelled TUODIE LUZAUZIPH.
  1415 | D:3      | 1415 ||| Stepping ~*~*~tactically~*~*~ (outnumbered).
  1422 | D:3      | Reached skill level 8 in Ranged Weapons
  1486 | D:3      | Identified the +0 robe of Xom, Leaping {-Cast Fly rElec
                  | Regen+}
  1562 | D:3      | Reached XP level 5. HP: 29/29 MP: 7/7
  2009 | D:3      | 2009 ||| UPGRADING to +0 robe of Xom, Leaping {-Cast Fly
                  | rElec Regen+}.
  2019 | D:3      | 2019 ||| UPGRADING to +0 cloak.
  2024 | D:3      | 2024 ||| UPGRADING to amulet of guardian spirit.
  2029 | D:3      | 2029 ||| DROPPING ring of ice.
  2030 | D:3      | 2030 ||| READING scroll labelled DIB FAWIKU.
  2031 | D:3      | 2031 ||| READING scroll labelled TAENWI KYDGHANIA.
  2065 | D:4      | Found a basalt altar of Yredelemnul.
  2075 | D:4      | Reached skill level 3 in Dodging
  2091 | D:4      | 2091 ||| Stepping ~*~*~tactically~*~*~ (outnumbered).
  2185 | D:4      | HP: 4/29 [orc priest/divine providence (8)]
  2186 | D:4      | 2186 ||| READING scroll of teleportation.
  2186 | D:4      | Killed from afar by an orc priest

Levels and vault maps discovered:
D:1:      dpeg_arrival_simpleton_a, layout_loops_cross, minivault_4,
          st_stairs_6, minmay_indecisive_spiral
D:2:      layout_basic
D:3:      layout_basic
D:4:      layout_basic, old_standard_altar, yredelemnul_altar_generic,
          hangedman_abyss_or_decor_lesser_grid

Skill      XL: |  1  2  3  4  5 |
---------------+----------------+-----
Ranged Weapons | 6 7 8 |  8.5
Dodging        | 3 |  3.0
Fighting       | |  1.5
Stealth        | |  1.2

Action                     |  1- 3 |  4- 6 || total
---------------------------+-------+-------++-------
   Fire: Shortbow          |    87 |   100 ||   187
    Use: Scroll            |     2 |     4 ||     6
 Armour: Leather armour    |     9 |     4 ||    13
         Ring mail         |       |     5 ||     5
         Robe              |       |     5 ||     5
  Dodge: Dodged            |    21 |    31 ||    52

Table legend:
 A = Non-vault XP
 B = Vault XP
 C = Vault XP percentage of total XP
 D = Non-vault monster count
 E = Vault monster count
 F = Vault count percentage of total count
                 A         B        C        D         E       F
            +---------+---------+-------+---------+---------+-------
      Total |     245 |       7 |   2.8 |      49 |       5 |   9.3
            +---------+---------+-------+---------+---------+-------
        D:1 |      27 |       7 |  20.6 |      15 |       5 |  25.0
        D:2 |      87 |       0 |   0.0 |      17 |       0 |   0.0
        D:3 |      84 |       0 |   0.0 |      12 |       0 |   0.0
        D:4 |      47 |       0 |   0.0 |       5 |       0 |   0.0
            +---------+---------+-------+---------+---------+-------
